 Dungeon Crawl Stone Soup version 0.20.1-1-g8b1a95d (webtiles) character file.

656 dvd the Chopper (level 7, -5/52 HPs)
             Began as a Halfling Chaos Knight on Oct 16, 2017.
             Slain by Duvessa
             ... wielding a +2 rapier of speed
              (7 damage)
             ... on level 4 of the Dungeon.
             The game lasted 00:12:41 (4783 turns).

dvd the Chopper (Halfling Chaos Knight)             Turns: 4783, Time: 00:12:42

Health: -5/52      AC: 10    Str: 18    XL:     7   Next: 85%
Magic:  0/7        EV: 15    Int: 11    God:    Xom [..*...]
Gold:   174        SH:  0    Dex: 14    Spells: 6/6 levels left

rFire    . . .     SeeInvis .   a - +0 hand axe (chaos)
rCold    . . .     Gourm    .   (shield restricted)
rNeg     . . .     Faith    .   i - +2 leather armour {MR+}
rPois    .         Spirit   +   (helmet restricted)
rElec    .         Reflect  .   (no cloak)
rCorr    .         Harm     .   k - +1 pair of gloves
MR       +....                  v - +0 pair of boots
Stlth    ++........             n - amulet of guardian spirit
Regen    0.2/turn               o - ring of flight
MPRegen  0.1/turn               (no ring)

@: lethally poisoned (-5 -> -6)
A: beak, slimy green scales 1, mutation resistance 1, sense surroundings 1,
robust 1, strong 2, sturdy frame 1
a: Renounce Religion, Evoke Flight


You were on level 4 of the Dungeon.
You worshipped Xom.
You were a toy of Xom.
You were hungry.

You visited 2 branches of the dungeon, and saw 5 of its levels.

You collected 174 gold pieces.

Inventory:

Hand Weapons
 a - a +0 hand axe of chaos (weapon)
 m - a +2 dagger of venom
Missiles
 d - 2 tomahawks (quivered)
Armour
 i - a +2 leather armour of magic resistance (worn)
 k - a +1 pair of gloves (worn)
 r - a +2 robe of positive energy
 v - a +0 pair of boots (worn)
Jewellery
 l - an uncursed amulet of rage
 n - an amulet of guardian spirit (around neck)
 o - a ring of flight (left hand)
Scrolls
 g - 2 scrolls of identify
 h - 4 scrolls of remove curse
 u - a scroll of teleportation {unknown}
 x - a scroll of blinking
Potions
 b - a potion of degeneration {unknown}
 e - 4 potions of heal wounds
 j - 4 potions of agility
 p - a potion of haste {unknown}
 s - 3 potions of brilliance {unknown}
 t - a potion of magic {unknown}
 w - 2 potions of curing {unknown}
Comestibles
 c - 4 bread rations
 f - 4 meat rations
 q - 4 fruits


   Skills:
 + Level 4.1 Fighting
 + Level 6.2 Axes
 + Level 3.2 Armour
 + Level 2.9 Dodging
 + Level 3.3 Stealth


You had 6 spell levels left.
You didn't know any spells.

Dungeon Overview and Level Annotations

Branches:
Dungeon (4/15)             Temple (1/1) D:4

Altars:
Ashenzari
Nemelex Xobeh
Ru
Uskayaw
Xom

Shops:
D:4 =

Annotations:
D:4 Duvessa


Innate Abilities, Weirdness & Mutations

You are small and have problems with some larger weapons.
You are somewhat resistant to further mutation.
You have a beak for a mouth.
You are partially covered in slimy green scales. (AC +2)
You passively map a small area around you.
You are robust. (+10% HP)
Your muscles are very strong. (Str +4)
Your movements are slightly less encumbered by armour. (ER -2)


Message History

Duvessa is lightly wounded.
You feel sick.
Duvessa is no longer moving slowly.
Duvessa barely misses you.
You barely miss Duvessa.
Duvessa is lightly wounded.
Duvessa misses you.
Duvessa hits you with a rapier of speed!
You hit Duvessa but do no damage.
Space warps horribly around Duvessa!
Duvessa is heavily wounded.
Duvessa hits you with a rapier of speed!
You hit Duvessa. Your peck misses Duvessa.
Duvessa is heavily wounded.
You feel sick.
Xom guffaws.
Duvessa completely misses you. Duvessa barely misses you.
You barely miss Duvessa.
Duvessa is heavily wounded.
Duvessa hits you with a rapier of speed!
* * * LOW HITPOINT WARNING * * *
Duvessa hits you with a rapier of speed!
You die...

###...#...#...* #.
#.>..(⌠...(. ##
#...#...#.[.* ####.###.## *
#.#...# ..# * #...⌠.# %..
##.#...# .#.., ###
##..######**#### ..#
#..@..##.# #.# #.#
#.he#)##.# #.# #.#
#...#.##.# #.# #(#
######...#.##.# #.# #.#
###.............#####.##
#.#
#........[##...........####
#.#
#)#.#####.#########........
#.#####.#.# #.# ##...####
......)[..# #.# ##......


You could see Duvessa (berserk) and a friendly hound.

Vanquished Creatures
  Eustachio (D:4)
  Edmund (D:4)
  Dowan (D:4)
  A centaur skeleton (D:4)
  3 worker ants (D:4)
  Robin (D:2)
  5 gnolls (D:4)
  7 adders
  3 oozes
  2 worms (D:2)
  4 dart slugs
  4 leopard geckos
  9 orcs (D:4)
  10 bats
  4 giant cockroaches
  15 goblins
  11 hobgoblins
  3 jackals (D:1)
  8 kobolds
  A quokka (D:2)
  A ball python (D:4)
  7 frilled lizards
  8 rats
  A plant (D:1)
111 creatures vanquished.

Vanquished Creatures (others)
  A phantom (D:4)
1 creature vanquished.

Grand Total: 112 creatures vanquished

Notes
Turn   | Place    | Note
-------+----------+-------------------------------------------
     0 | D:1      | dvd the Halfling Chaos Knight began the quest for the Orb.
     0 | D:1      | Reached XP level 1. HP: 15/15 MP: 1/1
   111 | D:1      | Reached XP level 2. HP: 18/20 MP: 2/2
   140 | D:1      | Found a shattered altar of Ashenzari.
   249 | D:1      | XOM: butterfly on damage
   444 | D:1      | XOM: silly message
   469 | D:1      | Reached XP level 3. HP: 24/26 MP: 3/3
   480 | D:1      | XOM: potion effect (heal wounds)
   716 | D:1      | XOM: harmless Tmut miscast
   723 | D:1      | XOM: cast spell 'Call Canine Familiar'
   888 | D:1      | XOM: harmless Air miscast
  1120 | D:2      | XOM: scenery: create altars
  1220 | D:2      | Reached XP level 4. HP: 23/31 MP: 4/4
  1225 | D:2      | Reached skill level 4 in Axes
  1482 | D:2      | Found a sparkling altar of Nemelex Xobeh.
  1519 | D:2      | XOM: summons 2 hostile demons
  1537 | D:2      | XOM: 1-stop teleportation journey
  1876 | D:2      | XOM: 2-stop teleportation journey
  1984 | D:2      | Found a shattered altar of Ashenzari.
  1984 | D:2      | Found a hide-covered altar of Uskayaw.
  2049 | D:2      | Reached XP level 5. HP: 18/36 MP: 5/5
  2113 | D:2      | XOM: medium Tloc miscast
  2340 | D:2      | XOM: divination: detect creatures
  2370 | D:2      | XOM: cloud trail
  2399 | D:2      | XOM: harmless Erth miscast
  2458 | D:2      | XOM: give mutations
  2458 | D:2      | Gained mutation: You have a beak for a mouth. [Xom's grace]
  2458 | D:2      | Gained mutation: You are robust. (+10% HP) [Xom's grace]
  2458 | D:2      | Gained mutation: You are partially covered in slimy green scales. (AC +2) [Xom's grace]
  2608 | D:2      | Noticed Robin
  2628 | D:2      | XOM: confuse monster(s)
  2639 | D:2      | Killed Robin
  2711 | D:2      | XOM: divination: detect creatures
  2879 | D:3      | XOM: cloud trail
  2931 | D:3      | XOM: 5-stop teleportation journey
  3319 | D:3      | XOM: divination: magic mapping
  3465 | D:3      | XOM: harmless Air miscast
  3531 | D:3      | XOM: give mutations
  3531 | D:3      | Gained mutation: Your muscles are strong. (Str +2) [Xom's grace]
  3531 | D:3      | Gained mutation: Your movements are slightly less encumbered by armour. (ER -2) [Xom's grace]
  3531 | D:3      | Gained mutation: You passively map a small area around you. [Xom's grace]
  3603 | D:4      | Noticed a phantom
  3605 | D:4      | Killed a phantom
  3605 | D:4      | Reached XP level 6. HP: 46/46 MP: 6/6
  3605 | D:4      | XOM: divine lightning
  3635 | D:4      | Reached skill level 5 in Axes
  3698 | D:4      | Reached skill level 1 in Stealth
  3728 | D:4      | Noticed Edmund
  3730 | D:4      | XOM: summons friendly quasit
  3732 | D:4      | XOM: fog
  3747 | D:4      | Killed Edmund
  3786 | D:4      | XOM: give mutation
  3786 | D:4      | Gained mutation: Your muscles are very strong. (Str +4) [Xom's mischief]
  3999 | D:4      | XOM: cloud trail
  4043 | D:4      | Reached XP level 7. HP: 51/51 MP: 7/7
  4083 | D:4      | Found Zistruut's Jewellery Shop.
  4107 | D:4      | XOM: confuse monster(s)
  4132 | D:4      | XOM: harmless Ice miscast
  4462 | D:4      | Found a sacrificial altar of Ru.
  4583 | D:4      | Noticed Eustachio
  4601 | D:4      | Killed Eustachio
  4601 | D:4      | Reached skill level 6 in Axes
  4661 | D:4      | Found a staircase to the Ecumenical Temple.
  4672 | D:4      | Noticed Dowan
  4675 | D:4      | Noticed Duvessa
  4682 | Temple   | Entered the Ecumenical Temple
  4751 | D:4      | XOM: enchant monster (bad)
  4774 | D:4      | Killed Dowan
  4782 | D:4      | XOM: cast spell 'Call Canine Familiar'
  4783 | D:4      | HP: 2/52 [Duvessa/rapier of speed (14)]
  4783 | D:4      | Slain by Duvessa

Skill      XL: |  1  2  3  4  5  6  7 |
---------------+----------------------+-----
Fighting       | 3 4 |  4.1
Axes           | 4 5 6 |  6.2
Dodging        | 2 |  2.9
Stealth        | 2 3 |  3.3
Armour         | 3 |  3.2

Action                   |  1- 3 |  4- 6 |  7- 9 || total
-------------------------+-------+-------+-------++-------
Melee: Hand axe          |   115 |   222 |    80 ||   417
       Peck              |       |    21 |    20 ||    41
Throw: Tomahawk          |       |       |     2 ||     2
  Use: Scroll            |       |     6 |     1 ||     7
 Stab: Paralysed         |     1 |     6 |       ||     7
       Sleeping          |     1 |       |       ||     1
       Petrifying        |       |     2 |       ||     2
  Eat: Chunk             |     1 |     9 |     2 ||    12
Armor: Leather armour    |    37 |    65 |    22 ||   124
Dodge: Dodged            |    69 |   148 |    55 ||   272
